 Dungeon Crawl Stone Soup version 0.27-a0-1500-g450c7e4133 (webtiles) character file.

Game seed: 15262238332035465164

3133 hatdisgam the Blocker (level 9, -3/74 HPs)
             Began as a Gnoll Fighter on July 7, 2021.
             Was an Initiate of Dithmenos.
             Slain by a thrashing horror (11 damage)
             ... on level 2 of the Abyss.
             The game lasted 00:12:48 (9262 turns).

hatdisgam the Blocker (Gnoll Fighter)               Turns: 9262, Time: 00:12:49

Health: -3/74      AC: 11    Str: 15    XL:     9   Next: 92%
Magic:  16/16      EV: 11    Int: 12    God:    Dithmenos [......]
Gold:   483        SH:  6    Dex: 13    Spells: 17/17 levels left

rFire    . . .     SeeInvis .   D - +10 falchion of the Extremely Mad {holy, Dex+2}
rCold    . . .     Faith    .   y - +0 buckler
rNeg     . . .     Spirit   .   b - +0 scale mail
rPois    .         Reflect  .   (no helmet)
rElec    .         Harm     .   r - +0 cloak
rCorr    .         Rampage  .   z - +1 pair of gloves
Will     .....                  (no boots)
Stlth    +.........             (no amulet)
HPRegen  0.22/turn              (no ring)
MPRegen  0.15/turn              (no ring)

@: no status effects
A: fangs 1, strong nose, distributed training
a: Renounce Religion


You were on level 2 of the Abyss.
You worshipped Dithmenos.
Dithmenos was noncommittal.
You visited 2 branches of the dungeon, and saw 10 of its levels.
You visited the Abyss 1 time.
You also visited: Sewer.

You collected 483 gold pieces.

Inventory:

Hand Weapons
 a - a +0 trident
 g - a +4 whip of draining
 q - a +2 quarterstaff of chaos
 v - a +5 vorpal flail
 x - a +4 vorpal morningstar
 D - the +10 falchion of the Extremely Mad (weapon) {holy, Dex+2}
   (You found it on level 6 of the Dungeon)

   It has been blessed by the Shining One to cause great damage to the undead
   and demons.
   Dex:       It affects your dexterity (+2).
Missiles
 o - 2 throwing nets (quivered)
 E - 8 atropa-tipped darts
Armour
 b - a +0 scale mail (worn)
 c - a +0 kite shield
 r - a +0 cloak (worn)
 y - a +0 buckler (worn)
 z - a +1 pair of gloves (worn)
Jewellery
 s - an amulet of guardian spirit
Wands
 G - a wand of iceblast (11)
 J - a wand of acid (10)
Scrolls
 d - a scroll of fog {unknown}
 e - 2 scrolls of noise
 h - a scroll of teleportation {unknown}
 i - a scroll of magic mapping {unknown}
 j - 2 scrolls of vulnerability
 k - a scroll of silence {unknown}
 l - a scroll of brand weapon {unknown}
 n - a scroll of amnesia {unknown}
 p - a scroll of fear
 A - a scroll of blinking
 B - 2 scrolls of enchant weapon
 C - 7 scrolls of identify
 F - a scroll of acquirement {unknown}
 I - a scroll of enchant armour {unknown}
Potions
 f - 2 potions of cancellation {unknown}
 m - a potion of magic {unknown}
 t - 2 potions of attraction {unknown}
 u - 4 potions of curing {unknown}
 w - a potion of flight {unknown}
 H - a potion of brilliance {unknown}


   Skills:
 + Level 8.1 Fighting
 + Level 4.7 Short Blades
 + Level 4.7 Long Blades
 + Level 4.7 Axes
 + Level 4.7 Maces & Flails
 + Level 6.6 Polearms
 + Level 4.7 Staves
 + Level 4.7 Slings
 + Level 4.7 Bows
 + Level 4.7 Crossbows
 + Level 4.7 Throwing
 + Level 8.1 Armour
 + Level 4.7 Dodging
 + Level 4.7 Stealth
 + Level 8.1 Shields
 + Level 4.7 Unarmed Combat
 + Level 4.7 Spellcasting
 + Level 3.9 Conjurations
 + Level 3.9 Hexes
 + Level 3.9 Summonings
 + Level 3.9 Necromancy
 + Level 3.9 Translocations
 + Level 3.9 Transmutations
 + Level 3.9 Fire Magic
 + Level 3.9 Ice Magic
 + Level 3.9 Air Magic
 + Level 3.9 Earth Magic
 + Level 3.9 Poison Magic
 + Level 5.2 Invocations
 + Level 4.7 Evocations


You had 17 spell levels left.
You didn't know any spells.
Your spell library contained the following spells:

 Spells                   Type           Power      Damage    Failure   Level
 Slow                     Hex            12%        N/A       21%         2
 Confusing Touch          Hex            12%        N/A       36%         3
 Conjure Flame            Conj/Fire      12%        6-21      36%         3
 Ignite Poison            Fire/Tmut/Pois 12%        N/A       36%         3
 Inner Flame              Hex/Fire       12%        N/A       36%         3
 Cause Fear               Hex            6%         N/A       78%         4
 Sticky Flame             Conj/Fire      12%        2d4       78%         4
 Yara's Violent Unravell  Hex/Tmut       6%         3d5       98%         5
 Discord                  Hex            6%         N/A       100%        8


Dungeon Overview and Level Annotations

Branches:
Dungeon (9/15)             Temple (1/1) D:7           Sewer (visited)
   Lair: D:8-11         Orc: D:9-12

Altars:
Ashenzari
Cheibriados
Dithmenos
Elyvilon
Fedhas
Gozag
Hepliaklqana
Kikubaaqudgha
Makhleb
Nemelex Xobeh
Okawaru
Qazlal
Ru
Sif Muna
Trog
Uskayaw
Vehumet
Wu Jian
Xom
Yredelemnul
Zin
The Shining One

Annotations:
D:6 2 transporters, indyram44's ghost, novice OpDe
D:7 2 transporters, robertstho's ghost, novice DjFE
D:8 Gastronok
D:9 Erolcha


Innate Abilities, Weirdness & Mutations

You have very sharp teeth.
Your uncanny sense of smell can sniff out nearby items.
Your experience applies equally to all skills.


Message History

A thrashing horror comes into view.
The thrashing horror moves out of view.
The ufetubus hits you but does no damage.
The ufetubus barely misses you.
A lurking horror comes into view.
The thrashing horror roars!
The thrashing horror tramples you but does no damage.
The thrashing horror closely misses you.
You block the thrashing horror's attack.
The thrashing horror tramples you but does no damage.
The ufetubus hits you but does no damage.
The ufetubus hits you.
The thrashing horror completely misses you.
You riposte.
You hit the thrashing horror.
The thrashing horror is lightly damaged.
The thrashing horror tramples you but does no damage.
Unknown command.
You block the thrashing horror's attack. x2
The thrashing horror roars!
The thrashing horror tramples you but does no damage. x2
You block the thrashing horror's attack.
The thrashing horror closely misses you.
You block the ufetubus's attack.
The ufetubus hits you but does no damage.
The ufetubus disappears in a puff of smoke!
The thrashing horror tramples you.
You stumble backwards!
The thrashing horror tramples you.
* * * LOW HITPOINT WARNING * * *
You stumble backwards!
A starcursed mass comes into view.
The thrashing horror tramples you!
* * * LOW HITPOINT WARNING * * *
You stumble backwards!
The thrashing horror closely misses you.
The thrashing horror tramples you but does no damage.
The thrashing horror roars!
The thrashing horror closely misses you.
The thrashing horror tramples you but does no damage.
The thrashing horror tramples you!
You die...

.. X.. .. #.#
##.## #.#
...###...###...
..#.....#.. .#.
......... ....
#.....# ...#
#...# ..# ##@##
#.## .#
#.X.###...# ...
##.....#.####..#
#..##..##.....#
#...#...#.#.#..#
#....##.#.#....#
#.##.####.#. .#.
.. #.#.#.
##.#...# . .###
# #..#.# . .#


You could see a starcursed mass and a thrashing horror.

Vanquished Creatures
  Sigmund (D:2)
  A wyvern (D:8)
  3 steam dragons
  Edmund (D:4)
  2 water moccasins
  An orc warrior (D:7)
  A black bear (D:5)
  2 necrophages
  2 sky beasts
  A centaur (D:7)
  A phantom (D:6)
  3 bullfrogs
  A gnoll sergeant (D:4)
  3 wyvern zombies
  A water moccasin zombie (D:5)
  A wyvern skeleton (D:6)
  2 electric eels (D:7)
  3 howler monkeys (D:8)
  A bullfrog zombie (D:6)
  A centaur zombie (D:6)
  2 hounds
  Crazy Yiuf (D:3)
  A bullfrog skeleton (D:6)
  A centaur skeleton (D:7)
  An orc priest (D:7)
  2 gnoll shamans
  An iguana (D:6)
  Terence (D:2)
  A scorpion zombie (D:5)
  3 orc wizards
  8 gnolls
  8 adders
  A howler monkey skeleton (D:5)
  A shadow imp (D:8)
  2 white imps
  An adder skeleton (D:4)
  2 dart slugs
  13 orcs
  17 endoplasms
  16 giant cockroaches
  5 goblins
  4 hobgoblins (D:1)
  3 jackals (D:3)
  8 quokkas
  12 ball pythons
  6 bats
  7 frilled lizards
  5 kobolds
  5 rats
170 creatures vanquished.

Vanquished Creatures (others)
  32 plants
32 creatures vanquished.

Grand Total: 202 creatures vanquished

Notes
Turn   | Place    | Note
-------+----------+-------------------------------------------
     0 | D:1      | hatdisgam the Gnoll Fighter began the quest for the Orb.
     0 | D:1      | Reached XP level 1. HP: 23/23 MP: 1/1
    44 | D:1      | Reached XP level 2. HP: 29/29 MP: 2/2
   368 | D:1      | Reached XP level 3. HP: 31/35 MP: 3/3
   736 | D:2      | Noticed Terence
   742 | D:2      | Killed Terence
   743 | D:2      | Reached skill level 1 in Short Blades
   743 | D:2      | Reached skill level 1 in Long Blades
   743 | D:2      | Reached skill level 1 in Axes
   743 | D:2      | Reached skill level 1 in Maces & Flails
   743 | D:2      | Reached skill level 1 in Staves
   743 | D:2      | Reached skill level 1 in Slings
   743 | D:2      | Reached skill level 1 in Bows
   743 | D:2      | Reached skill level 1 in Crossbows
   743 | D:2      | Reached skill level 1 in Throwing
   743 | D:2      | Reached skill level 1 in Dodging
   743 | D:2      | Reached skill level 1 in Stealth
   743 | D:2      | Reached skill level 1 in Unarmed Combat
   743 | D:2      | Reached skill level 1 in Spellcasting
   743 | D:2      | Reached skill level 1 in Invocations
   743 | D:2      | Reached skill level 1 in Evocations
   743 | D:2      | Reached XP level 4. HP: 37/41 MP: 5/5
   901 | D:2      | Noticed Sigmund
   921 | D:2      | Killed Sigmund
   922 | D:2      | Reached skill level 1 in Conjurations
   922 | D:2      | Reached skill level 1 in Hexes
   922 | D:2      | Reached skill level 1 in Summonings
   922 | D:2      | Reached skill level 1 in Necromancy
   922 | D:2      | Reached skill level 1 in Translocations
   922 | D:2      | Reached skill level 1 in Transmutations
   922 | D:2      | Reached skill level 1 in Fire Magic
   922 | D:2      | Reached skill level 1 in Ice Magic
   922 | D:2      | Reached skill level 1 in Air Magic
   922 | D:2      | Reached skill level 1 in Earth Magic
   922 | D:2      | Reached skill level 1 in Poison Magic
   922 | D:2      | Reached XP level 5. HP: 25/47 MP: 5/7
  1302 | D:3      | Reached XP level 6. HP: 53/53 MP: 8/8
  1371 | D:3      | Found a faded altar of an unknown god.
  1398 | D:3      | Became a worshipper of Sif Muna the Loreminder
  1398 | D:3      | Reached * piety under Sif Muna
  1465 | D:3      | Found a runed translucent door.
  1466 | D:3      | Noticed Crazy Yiuf
  1867 | D:3      | Killed Crazy Yiuf
  2079 | D:4      | Reached skill level 5 in Polearms
  2559 | D:4      | Noticed Edmund
  2570 | D:4      | Killed Edmund
  2571 | D:4      | Reached XP level 7. HP: 57/60 MP: 10/10
  3040 | D:5      | Entered Level 5 of the Dungeon
  4070 | D:5      | Reached XP level 8. HP: 67/67 MP: 12/12
  4874 | D:6      | Found a transporter.
  4925 | D:6      | Found a transporter.
  4926 | D:6      | Noticed a queen bee
  4926 | D:6      | Noticed indyram44's ghost (novice OpDe)
  4937 | D:6      | Noticed a hornet
  5009 | D:6      | Found a glowing drain.
  5018 | D:6      | Reached ** piety under Sif Muna
  5033 | D:6      | Identified the +10 falchion of the Extremely Mad {holy,
                  | Dex+2}
  5050 | Sewer    | Entered a sewer
  5946 | D:6      | Reached *** piety under Sif Muna
  6323 | D:7      | Reached XP level 9. HP: 69/72 MP: 14/14
  6656 | D:7      | Identified the +12 battleaxe "hatdisgam's Bane" {drain,
                  | Int+4}
  6656 | D:7      | Identified the ring of Moques {EV+4 Int+4}
  6658 | D:7      | Noticed robertstho's ghost (novice DjFE)
  6674 | D:7      | Found a transporter.
  6674 | D:7      | Found a transporter.
  7619 | D:7      | Found a staircase to the Ecumenical Temple.
  7666 | Temple   | Entered the Ecumenical Temple
  7785 | Temple   | Fell from the grace of Sif Muna
  7785 | Temple   | Became a worshipper of Dithmenos the Shadowed
  8153 | D:8      | Noticed a komodo dragon
  8537 | D:8      | Reached skill level 5 in Invocations
  8772 | D:8      | Noticed Gastronok
  8897 | D:9      | Noticed a two-headed ogre
  8900 | D:9      | Noticed a tengu warrior
  9076 | D:8      | Found a shimmering blue altar of Sif Muna.
  9086 | D:9      | Noticed Erolcha
  9117 | D:9      | Cast into level 2 of the Abyss (Erolcha)
  9158 | Abyss:2  | Found an iron altar of Okawaru.
  9190 | Abyss:2  | Noticed a rakshasa
  9229 | Abyss:2  | Noticed a red very ugly thing
  9229 | Abyss:2  | Noticed a red ugly thing
  9229 | Abyss:2  | Noticed a red very ugly thing
  9229 | Abyss:2  | Noticed a red very ugly thing
  9232 | Abyss:2  | Noticed a starcursed mass
  9237 | Abyss:2  | Noticed a thrashing horror
  9247 | Abyss:2  | Noticed a thrashing horror
  9261 | Abyss:2  | Noticed a starcursed mass
  9262 | Abyss:2  | Slain by a thrashing horror

Illustrated notes

Levels and vault maps discovered:
D:1:      amcnicky_arrival_feature_with_door, layout_rooms, minmay_pentomino_u4
D:2:      layout_basic, uniq_sigmund, uniq_terence
D:3:      layout_rooms, serial_bayou, serial_bayou_pond_c, serial_bayou_pond_c,
          serial_bayou_shore_a, serial_bayou_pond_c,
          ebering_ecumenical_altar_rust, kennysheep_generic_room_13,
          uniq_crazy_yiuf_cottage
D:4:      layout_loops_ring, kennysheep_generic_room_16, uniq_edmund
D:5:      layout_loops_corners
D:6:      layout_basic, gammafunk_ghost_hive, gup_sewer_entry_glass
D:7:      layout_rooms, minmay_temple_entry_enclosed_plants,
          gammafunk_ghost_gnarly_gnolls, corexii_item_surrounded_by_moat,
          serial_bayou_lagoon_a
D:8:      nzn_winding_woodlands_cross [nzn_winding_woodlands_5x15_split_checker,
          nzn_winding_woodlands_5x15_pockets, nzn_winding_woodlands_5x15_parted,
          nzn_winding_woodlands_5x15_default,
          nzn_winding_woodlands_15x15_thick_spiral], layout_layer_cave,
          nicolae_overflow_hidden_temple, uniq_maggie, uniq_gastronok
D:9:      layout_cave_pools, david_orc_5, uniq_erolcha
Temple:   kilobyte_greek_temple
Abyss:2:  base: D:9, minivault_19, lemuel_flamethrower_3, lemuel_flamethrower_3

Skill      XL: |  1  2  3  4  5  6  7  8  9 |
---------------+----------------------------+-----
Short Blades   | 1 2 3 4 |  4.7
Long Blades    | 1 2 3 4 |  4.7
Axes           | 1 2 3 4 |  4.7
Maces & Flails | 1 2 3 4 |  4.7
Staves         | 1 2 3 4 |  4.7
Slings         | 1 2 3 4 |  4.7
Bows           | 1 2 3 4 |  4.7
Crossbows      | 1 2 3 4 |  4.7
Throwing       | 1 2 3 4 |  4.7
Dodging        | 1 2 3 4 |  4.7
Stealth        | 1 2 3 4 |  4.7
Unarmed Combat | 1 2 3 4 |  4.7
Spellcasting   | 1 2 3 4 |  4.7
Invocations    | 1 2 3 4 5 |  5.2
Evocations     | 1 2 3 4 |  4.7
Conjurations   | 1 2 3 |  3.9
Hexes          | 1 2 3 |  3.9
Summonings     | 1 2 3 |  3.9
Necromancy     | 1 2 3 |  3.9
Translocations | 1 2 3 |  3.9
Transmutations | 1 2 3 |  3.9
Fire Magic     | 1 2 3 |  3.9
Ice Magic      | 1 2 3 |  3.9
Air Magic      | 1 2 3 |  3.9
Earth Magic    | 1 2 3 |  3.9
Poison Magic   | 1 2 3 |  3.9
Polearms       | 5 6 |  6.6
Fighting       | 7 8 |  8.1
Armour         | 7 8 |  8.1
Shields        | 7 8 |  8.1

Action                   |  1- 3 |  4- 6 |  7- 9 || total
-------------------------+-------+-------+-------++-------
Melee: Trident           |     8 |       |       ||     8
       Whip              |    56 |   102 |       ||   158
       Bite              |     4 |     7 |    33 ||    44
       Morningstar       |       |       |    75 ||    75
       Flail             |       |       |    22 ||    22
       Falchion          |       |       |   254 ||   254
  Use: Potion            |       |     2 |     3 ||     5
       Scroll            |       |       |     5 ||     5
 Stab: Distracted        |       |       |     1 ||     1
Armor: Scale mail        |    23 |    38 |   204 ||   265
Dodge: Dodged            |    22 |    33 |   232 ||   287
Block: Kite shield       |    35 |    55 |    22 ||   112
       Buckler           |       |       |   133 ||   133
       Rpst.: Falchion   |       |       |    47 ||    47

Table legend: (Time is in decaauts)
 A = Elapsed time spent in this place.
 B = Non-inter-level travel time spent in this place.
 C = Inter-level travel time spent in this place.
 D = Time resting spent in this place.
 E = Time spent auto-exploring this place.
 F = Levels seen in this place.
 G = Mean time per level.
                   A        B        C        D        E       F      G
               +--------+--------+--------+--------+--------+-----+--------+
         Total |   9474 |   9174 |    300 |   1174 |   6443 |  12 |  789.5 |
       Dungeon |   8582 |   8316 |    266 |   1174 |   5953 |   9 |  953.6 |
        Temple |    152 |    119 |     33 |      0 |    100 |   1 |  152.0 |
         Abyss |    144 |    144 |      0 |      0 |     35 |   1 |  144.0 |
         Sewer |    595 |    595 |      0 |      0 |    354 |   1 |  595.0 |
               +--------+--------+--------+--------+--------+-----+--------+

Top non-repeatable levels by time:
     D:7: 1651 daAuts
     D:4: 1608 daAuts
     D:5: 1235 daAuts
     D:6: 1218 daAuts
     D:8: 846 daAuts
     D:2: 699 daAuts
     D:3: 689 daAuts
     D:1: 598 daAuts
   Sewer: 595 daAuts
  Temple: 152 daAuts
 Abyss:2: 144 daAuts
     D:9: 35 daAuts
